PAAA
BAKERSFIELD NOBLES @ PLYMOUTH ROCKS
09/22/2033
 
TOP OF THE 1ST
Bakersfield Nobles batting - Pitching for Plymouth Rocks : RHP Alejandro Ramírez
Pitching: RHP Alejandro Ramírez
Batting: RHB Dennis Wacher 0-0: Ball
1-0: Ball
2-0: Ball
3-0: Called Strike
3-1: Base on Balls
Batting: RHB Juan Tellado 0-0: Called Strike
0-1: Ball
1-1: Fly out, F8 (Flyball, 89D)
Batting: RHB Juan Dávila 0-0: Ball
1-0: Called Strike
1-1: Ball
2-1: Foul Ball, location: 2F
2-2: Grounds out, U3 (Groundball, 3L)
Batting: SHB Terumoto Kurihara 0-0: Ball
1-0: Ground out 4-3 (Groundball, 4)
Top of the 1st over - 0 runs, 0 hits, 0 errors, 1 left on base; Bakersfield 0 - Plymouth 0
BOTTOM OF THE 1ST
Plymouth Rocks batting - Pitching for Bakersfield Nobles : RHP Oliver Rodríguez
Pitching: RHP Oliver Rodríguez
Batting: RHB Ernesto Trevino 0-0: Ball
1-0: Called Strike
1-1: Ball
2-1: Fly out, F8 (Flyball, 8LS)
Batting: RHB Phil McCroskey 0-0: Called Strike
0-1: Ball
1-1: Ball
2-1: SINGLE (Groundball, 6MD)
Batting: LHB Adrian McCoy 0-0: Grounds into double play, 4-6-3 (Groundball, 4)
Bottom of the 1st over - 0 runs, 1 hit, 0 errors, 0 left on base; Bakersfield 0 - Plymouth 0
TOP OF THE 2ND
Bakersfield Nobles batting - Pitching for Plymouth Rocks : RHP Alejandro Ramírez
Batting: LHB Melvin Castro 0-0: Called Strike
0-1: SINGLE (Flyball, 9LM)
Batting: LHB Hideki Hisanobu 0-0: Ball
1-0: Ball
2-0: Called Strike
2-1: Swinging Strike
2-2: Grounds out, U3 (Groundball, 3L)
Batting: RHB Omer Yurtseven 0-0: Ball
1-0: Ball
2-0: Ball
3-0: Base on Balls
Batting: RHB Pedro Hernández 0-0: Called Strike
0-1: Fielders Choice at 2nd, 6-4 (Groundball, 6)
Melvin Castro to third
Batting: RHB Yu-shu Kang 0-0: Ground out 5-3 (Groundball, 5S)
Top of the 2nd over - 0 runs, 1 hit, 0 errors, 2 left on base; Bakersfield 0 - Plymouth 0
BOTTOM OF THE 2ND
Plymouth Rocks batting - Pitching for Bakersfield Nobles : RHP Oliver Rodríguez
Batting: RHB Xi-ku See-to 0-0: Called Strike
0-1: Called Strike
0-2: Foul Ball, location: 2F
0-2: Foul Ball, location: 2F
0-2: Foul Ball, location: 2F
0-2: SOLO HOME RUN (Flyball, 7LD), Distance : 386 ft
Batting: SHB Javier Vega 0-0: Swinging Strike
0-1: Ball
1-1: Ball
2-1: Ball
3-1: SINGLE (Groundball, 6S) (infield hit)
Batting: RHB José Santos 0-0: Ball
1-0: Fielders Choice at 2nd, 6-4 (Groundball, 6)
Batting: LHB Octávio Ontiveros 0-0: Called Strike
José Santos steals 2nd base
0-1: Fly out, F9 (Flyball, 9LS)
Batting: RHB Chang-lit Min 0-0: Called Strike
0-1: Swinging Strike
0-2: Ball
1-2: Ball
2-2: Ball
3-2: Foul Ball, location: 2F
3-2: Strikes out swinging
Bottom of the 2nd over - 1 run, 2 hits, 0 errors, 1 left on base; Bakersfield 0 - Plymouth 1
TOP OF THE 3RD
Bakersfield Nobles batting - Pitching for Plymouth Rocks : RHP Alejandro Ramírez
Batting: RHB Dennis Wacher 0-0: Foul Ball, location: 2F
0-1: Ground out 5-3 (Groundball, 5L)
Batting: RHB Juan Tellado 0-0: Called Strike
0-1: Ball
1-1: Called Strike
1-2: Fly out, F1 (Line Drive, 15)
Batting: RHB Juan Dávila 0-0: Called Strike
0-1: Ball
1-1: Ground out 6-3 (Groundball, 6)
Top of the 3rd over - 0 runs, 0 hits, 0 errors, 0 left on base; Bakersfield 0 - Plymouth 1
BOTTOM OF THE 3RD
Plymouth Rocks batting - Pitching for Bakersfield Nobles : RHP Oliver Rodríguez
Batting: LHB Dae-ik Park 0-0: Swinging Strike
0-1: Ball
1-1: Fly out, F8 (Flyball, 8RM)
Batting: RHB Ernesto Trevino 0-0: Ball
1-0: Foul Ball, location: 2F
1-1: Foul Ball, location: 2F
1-2: Strikes out swinging
Batting: RHB Phil McCroskey 0-0: Ball
1-0: Called Strike
1-1: Bunt missed!
1-2: Ball
2-2: Ball
3-2: SOLO HOME RUN (Flyball, 7D), Distance : 402 ft
Batting: LHB Adrian McCoy 0-0: Called Strike
0-1: Fly out, F2 (Popup, 2RF)
Bottom of the 3rd over - 1 run, 1 hit, 0 errors, 0 left on base; Bakersfield 0 - Plymouth 2
TOP OF THE 4TH
Bakersfield Nobles batting - Pitching for Plymouth Rocks : RHP Alejandro Ramírez
Batting: SHB Terumoto Kurihara 0-0: Ball
1-0: Foul Ball, location: 2F
1-1: Ball
2-1: Foul Ball, location: 2F
2-2: Ball
3-2: Base on Balls
Batting: LHB Melvin Castro 0-0: Called Strike
0-1: Foul Ball, location: 2F
0-2: Fly out, F9 (Line Drive, 9D)
Batting: LHB Hideki Hisanobu 0-0: Ball
1-0: Foul Ball, location: 2F
1-1: Ball
2-1: Called Strike
2-2: SINGLE (Line Drive, 56D)
Terumoto Kurihara to second
Batting: RHB Omer Yurtseven 0-0: Called Strike
0-1: Foul Ball, location: 2F
0-2: Foul Ball, location: 2F
0-2: Ball
1-2: Ball
2-2: Ball
3-2: Grounds into double play, 6-4-3 (Groundball, 6)
Top of the 4th over - 0 runs, 1 hit, 0 errors, 1 left on base; Bakersfield 0 - Plymouth 2
BOTTOM OF THE 4TH
Plymouth Rocks batting - Pitching for Bakersfield Nobles : RHP Oliver Rodríguez
Batting: RHB Xi-ku See-to 0-0: Ball
1-0: Called Strike
1-1: SOLO HOME RUN (Flyball, 9D), Distance : 385 ft
Batting: SHB Javier Vega 0-0: Called Strike
0-1: Swinging Strike
0-2: Ball
1-2: Ball
2-2: Ball
3-2: Foul Ball, location: 2F
3-2: Base on Balls
Batting: RHB José Santos 0-0: Ball
1-0: Ball
2-0: Ball
3-0: Called Strike
3-1: Foul Ball, location: 2F
3-2: Strikes out swinging
Batting: LHB Octávio Ontiveros 0-0: Ball
1-0: Foul Ball, location: 2F
1-1: Swinging Strike
1-2: Ball
2-2: Foul Ball, location: 2F
2-2: Strikes out swinging
Batting: RHB Chang-lit Min 0-0: Called Strike
0-1: Swinging Strike
0-2: Ground out U3 (Groundball, 3S)
Bottom of the 4th over - 1 run, 1 hit, 0 errors, 1 left on base; Bakersfield 0 - Plymouth 3
TOP OF THE 5TH
Bakersfield Nobles batting - Pitching for Plymouth Rocks : RHP Alejandro Ramírez
Batting: RHB Pedro Hernández 0-0: Ball
1-0: Called Strike
1-1: Foul Ball, location: 2F
1-2: Fly out, F7 (Line Drive, 7LM)
Batting: RHB Yu-shu Kang 0-0: Ball
1-0: Swinging Strike
1-1: Fly out, F9 (Flyball, 9S)
Batting: RHB Dennis Wacher 0-0: Ball
1-0: SINGLE (Groundball, 56D)
Batting: RHB Juan Tellado 0-0: Ball
Dennis Wacher steals 2nd base
1-0: Ball
2-0: Ball
3-0: Called Strike
3-1: Base on Balls
Batting: RHB Juan Dávila 0-0: Ball
1-0: Called Strike
1-1: SINGLE (Groundball, 56D)
Dennis Wacher to third
Juan Tellado to second
Runner from 3rd tries for Home, SAFE, no throw
Batting: SHB Terumoto Kurihara 0-0: Ball
1-0: Fielders Choice at 2nd, 5-4 (Groundball, 56)
Top of the 5th over - 1 run, 2 hits, 0 errors, 2 left on base; Bakersfield 1 - Plymouth 3
BOTTOM OF THE 5TH
Plymouth Rocks batting - Pitching for Bakersfield Nobles : RHP Oliver Rodríguez
Batting: LHB Dae-ik Park 0-0: Ball
1-0: Ball
2-0: Ground out 4-3 (Groundball, 34)
Batting: RHB Ernesto Trevino 0-0: Called Strike
0-1: Called Strike
0-2: Ball
1-2: Foul Ball, location: 2F
1-2: Ball
2-2: Foul Ball, location: 2F
2-2: Ground out U3 (Groundball, 34S)
Batting: RHB Phil McCroskey 0-0: Ball
1-0: Ball
2-0: Called Strike
2-1: Foul Ball, location: 2F
2-2: Foul Ball, location: 2F
2-2: SOLO HOME RUN (Flyball, 7LD), Distance : 374 ft
Batting: LHB Adrian McCoy 0-0: Called Strike
0-1: Ball
1-1: Ball
2-1: Ball
3-1: Ground out 4-3 (Groundball, 4MS)
Bottom of the 5th over - 1 run, 1 hit, 0 errors, 0 left on base; Bakersfield 1 - Plymouth 4
TOP OF THE 6TH
Bakersfield Nobles batting - Pitching for Plymouth Rocks : RHP Alejandro Ramírez
Batting: LHB Melvin Castro 0-0: Foul Ball, location: 2F
0-1: Foul Ball, location: 2F
0-2: SINGLE (Groundball, 4D)
Batting: LHB Hideki Hisanobu 0-0: Ball
1-0: Ball
2-0: Foul Ball, location: 2F
2-1: Ball
3-1: Foul Ball, location: 2F
3-2: Strikes out looking
Batting: RHB Omer Yurtseven 0-0: Called Strike
0-1: Ball
1-1: Foul Ball, location: 2F
1-2: Ball
2-2: Grounds into double play, 6-4-3 (Groundball, 6)
Top of the 6th over - 0 runs, 1 hit, 0 errors, 0 left on base; Bakersfield 1 - Plymouth 4
BOTTOM OF THE 6TH
Plymouth Rocks batting - Pitching for Bakersfield Nobles : RHP Oliver Rodríguez
Pitching: RHP Ralph McKinney
Batting: RHB Xi-ku See-to 0-0: SINGLE (Line Drive, 89S)
Batting: SHB Javier Vega 0-0: Ball
1-0: Foul Ball, location: 2F
1-1: Ball
2-1: Ball
3-1: Foul Ball, location: 2F
3-2: Fly out, F8 (Flyball, 78D)
Batting: RHB José Santos 0-0: Ball
1-0: Ball
2-0: Ball
Wild Pitch!
Xi-ku See-to to second
3-0: Called Strike
3-1: Foul Ball, location: 2F
3-2: Strikes out swinging
Batting: LHB Octávio Ontiveros 0-0: Ball
1-0: Ball
2-0: Foul Ball, location: 2F
2-1: Ball
3-1: Swinging Strike
3-2: Fly out, F6 (Popup, 6MS)
Bottom of the 6th over - 0 runs, 1 hit, 0 errors, 1 left on base; Bakersfield 1 - Plymouth 4
TOP OF THE 7TH
Bakersfield Nobles batting - Pitching for Plymouth Rocks : RHP Alejandro Ramírez
Batting: RHB Pedro Hernández 0-0: Swinging Strike
0-1: Called Strike
0-2: Ball
1-2: Fly out, F6 (Flyball, 6D)
Batting: RHB Yu-shu Kang 0-0: Called Strike
0-1: Ground out 4-3 (Groundball, 4D)
Batting: RHB Dennis Wacher 0-0: Ground out 4-3 (Groundball, 34)
Top of the 7th over - 0 runs, 0 hits, 0 errors, 0 left on base; Bakersfield 1 - Plymouth 4
BOTTOM OF THE 7TH
Plymouth Rocks batting - Pitching for Bakersfield Nobles : RHP Ralph McKinney
Batting: RHB Chang-lit Min 0-0: Ball
1-0: Ball
2-0: Foul Ball, location: 2F
2-1: Foul Ball, location: 2F
2-2: Ball
3-2: Foul Ball, location: 2F
3-2: Foul Ball, location: 2F
3-2: Foul Ball, location: 2F
3-2: SINGLE (Groundball, 34D)
Batting: LHB Dae-ik Park 0-0: Ball
1-0: Sac Bunt - play at first, batter OUT! 5-4
Chang-lit Min to second
Batting: RHB Ernesto Trevino 0-0: Called Strike
0-1: Ball
1-1: Swinging Strike
1-2: Ball
2-2: Strikes out swinging
Batting: RHB Phil McCroskey 0-0: Ball
1-0: Ball
2-0: Ball
3-0: Base on Balls
Batting: LHB Adrian McCoy 0-0: Foul Ball, location: 2F
0-1: Ball
1-1: Ball
2-1: Foul Ball, location: 2F
2-2: Ball
3-2: Strikes out swinging
Bottom of the 7th over - 0 runs, 1 hit, 0 errors, 2 left on base; Bakersfield 1 - Plymouth 4
TOP OF THE 8TH
Bakersfield Nobles batting - Pitching for Plymouth Rocks : RHP Alejandro Ramírez
Pitching: RHP Javier Luna
Batting: RHB Juan Tellado 0-0: Ball
1-0: Ground out 5-3 (Groundball, 56S)
Batting: RHB Juan Dávila 0-0: Ball
1-0: Ball
2-0: Ball
3-0: Called Strike
3-1: Called Strike
3-2: SINGLE (Line Drive, 7LS)
Batting: SHB Terumoto Kurihara 0-0: Ball
1-0: Foul Ball, location: 2F
1-1: Swinging Strike
1-2: Ball
2-2: Foul Ball, location: 2F
2-2: Foul Ball, location: 2F
2-2: Foul Ball, location: 2F
2-2: Ball
3-2: Foul Ball, location: 2F
3-2: Strikes out swinging
Batting: LHB Melvin Castro 0-0: Ball
1-0: Ball
2-0: Foul Ball, location: 2F
2-1: Ground out 4-3 (Groundball, 4)
Top of the 8th over - 0 runs, 1 hit, 0 errors, 1 left on base; Bakersfield 1 - Plymouth 4
BOTTOM OF THE 8TH
Plymouth Rocks batting - Pitching for Bakersfield Nobles : RHP Ralph McKinney
Pitching: RHP Nésto Gago
Batting: RHB Xi-ku See-to 0-0: Called Strike
0-1: Called Strike
0-2: Ball
1-2: DOUBLE (Line Drive, 78D)
Batting: SHB Javier Vega 0-0: Called Strike
0-1: Ball
1-1: Ball
2-1: Ball
3-1: Fly out, F8 (Line Drive, 8LM)
Batting: RHB José Santos 0-0: Called Strike
0-1: Called Strike
0-2: Strikes out swinging
Batting: LHB Octávio Ontiveros 0-0: Ball
1-0: Foul Ball, location: 2F
1-1: Foul Ball, location: 2F
1-2: Foul Ball, location: 2F
1-2: Ground out 4-3 (Groundball, 4)
Bottom of the 8th over - 0 runs, 1 hit, 0 errors, 1 left on base; Bakersfield 1 - Plymouth 4
TOP OF THE 9TH
Bakersfield Nobles batting - Pitching for Plymouth Rocks : RHP Javier Luna
Batting: LHB Hideki Hisanobu 0-0: Ball
1-0: Ball
2-0: Ball
3-0: Base on Balls
Batting: RHB Omer Yurtseven 0-0: Swinging Strike
0-1: SINGLE (Flyball, 89S)
Hideki Hisanobu to second
Batting: RHB Pedro Hernández 0-0: Ball
1-0: Called Strike
1-1: Swinging Strike
1-2: Grounds into double play, 5-4-3 (Groundball, 56)
Hideki Hisanobu to third
Batting: RHB Yu-shu Kang 0-0: Called Strike
0-1: SINGLE (Flyball, 9S)
Hideki Hisanobu scores
Batting: RHB Dennis Wacher 0-0: Called Strike
0-1: Ball
1-1: Ball
2-1: Swinging Strike
2-2: Ground out U3 (Groundball, 3)
Top of the 9th over - 1 run, 2 hits, 0 errors, 1 left on base; Bakersfield 2 - Plymouth 4
Saturday, December 22nd, 2018 - OOTP Baseball 18.8 Build 76